 Dungeon Crawl Stone Soup version 0.25-a0-292-gaa31f04 (webtiles) character file.

Game seed: 13837984210408086878, levelgen mode: deterministic

29830 relicbr the Geomancer (level 13, -8/82 HPs)
             Began as a Deep Elf Earth Elementalist on Dec 15, 2019.
             Was a Believer of Vehumet.
             Mangled by a komodo dragon (17 damage)
             ... on level 5 of the Lair of Beasts.
             The game lasted 01:11:54 (22012 turns).

relicbr the Geomancer (DEEE)                       Turns: 22012, Time: 01:11:55

Health: -8/82      AC:  9    Str:  7    XL:     13   Next: 17%
Magic:  30/38      EV: 12    Int: 24    God:    Vehumet [**....]
Gold:   548        SH:  0    Dex: 15    Spells: 14/32 levels left

rFire    + + +     SeeInvis .   a - +1 short sword (freeze)
rCold    + + +     Gourm    .   (no shield)
rNeg     + + .     Faith    .   K - +3 leather armour {rC+}
rPois    +         Spirit   .   O - +0 helmet of the Iron Devil {rC+ rN++}
rElec    +         Reflect  .   L - scarf {repulsion}
rCorr    .         Harm     .   (no gloves)
MR       .....                  r - +0 pair of boots
Stlth    ++........             M - amulet of magic regeneration
HPRegen  0.23/turn              l - ring "Fuvualei" {rElec rPois rF+++ rC+ MR-}
MPRegen  0.51/turn              E - ring "Fozudgh" {rPois MP+9}

@: repel missiles
A: no striking features
a: Renounce Religion


You were on level 5 of the Lair of Beasts.
You worshipped Vehumet.
Vehumet was pleased with you.
You were hungry.

You visited 3 branches of the dungeon, and saw 16 of its levels.
You also visited: Ossuary.

You collected 962 gold pieces.
You spent 414 gold pieces at shops.

Inventory:

Hand Weapons
 a - a +1 short sword of freezing (weapon)
 b - the +8 scimitar of Starshine {slice, rPois rF- rC+ MR+}
   (You found it on level 4 of the Lair of Beasts)

   It inflicts extra damage upon your enemies.
   It makes you vulnerable to fire.
   It protects you from cold.
   It protects you from poison.
   It affects your resistance to hostile enchantments.
Missiles
 i - 141 stones
 A - 14 boomerangs (quivered)
Armour
 r - a +0 pair of boots (worn)
 K - a +3 leather armour of cold resistance (worn)
 L - a scarf of repulsion (worn)
 O - the +0 helmet of the Iron Devil (worn) {rC+ rN++}
   (You found it on level 1 of the Lair of Beasts)

   It protects you from cold.
   It greatly protects you from negative energy.
Jewellery
 l - the ring "Fuvualei" (left hand) {rElec rPois rF+++ rC+ MR-}
   (You found it on level 3 of the Lair of Beasts)

   [ring of protection from cold]

   It renders you almost immune to fire.
   It protects you from cold.
   It insulates you from electricity.
   It protects you from poison.
   It affects your resistance to hostile enchantments.
 t - an uncursed amulet of regeneration
 E - the ring "Fozudgh" (right hand) {rPois MP+9}
   (You found it on level 8 of the Dungeon)

   [ring of poison resistance]

   It protects you from poison.
   It affects your magic capacity (+9).
 M - an amulet of magic regeneration (around neck)
Wands
 e - a wand of disintegration (29)
 F - a wand of iceblast (12)
 H - a wand of flame (6)
 J - a wand of paralysis (24)
Scrolls
 h - 7 scrolls of fog
 m - 19 scrolls of remove curse
 n - a scroll of immolation {unknown}
 p - a scroll of fear
 q - 6 scrolls of teleportation
 y - 3 scrolls of blinking
Potions
 c - 2 potions of resistance {unknown}
 j - 4 potions of curing
 k - 3 potions of haste
 o - 3 potions of brilliance
 s - 3 potions of invisibility
 x - 8 potions of heal wounds
 B - 2 potions of flight
Comestibles
 d - 35 rations


   Skills:
 - Level 10.0 Fighting
 - Level 5.1 Armour
 - Level 2.4 Dodging
 - Level 2.4 Stealth
 + Level 10.2 Spellcasting
 * Level 12.0 Conjurations
 - Level 6.1 Hexes
   Level 1.1 Transmutations
 * Level 12.8 Earth Magic
 - Level 0.3 Evocations


You had 14 spell levels left.
You knew the following spells:

 Your Spells              Type           Power        Failure   Level  Hunger
a - Sandblast             Erth           ######       1%          1    None
b - Stone Arrow           Conj/Erth      ######       1%          3    None
c - Lee's Rapid Deconstr  Erth           ######....   1%          5    ####...
d - Iron Shot             Conj/Erth      ######....   7%          6    ######.
e - Confuse               Hex            #####...     1%          3    None

Your spell library contained the following spells:

 Spells                   Type           Power        Failure   Level  Hunger
 Irradiate                Conj/Tmut      #####.....   14%         5    ####...
 Confusing Touch          Hex            #####.       1%          1    None
 Corona                   Hex            #####..      1%          1    None
 Passwall                 Tmut/Erth      #####...     1%          2    None
 Slow                     Hex            #####...     1%          2    None
 Conjure Flame            Conj/Fire      #####...     1%          3    None
 Dazzling Flash           Conj/Hex       ######       1%          3    None
 Tukima's Dance           Hex            #####...     1%          3    None
 Leda's Liquefaction      Hex/Erth       ######....   1%          4    #......
 Ensorcelled Hibernation  Hex/Ice        ####..       3%          2    None
 Beastly Appendage        Tmut           ###...       4%          1    None
 Mephitic Cloud           Conj/Pois/Air  ####....     4%          3    None
 Petrify                  Tmut/Erth      #####...     4%          4    #......
 Inner Flame              Hex/Fire       ####....     6%          3    None
 Portal Projectile        Hex/Tloc       ####..       6%          3    None
 Cause Fear               Hex            #####.....   6%          4    #......
 Sticks to Snakes         Tmut           ###.....     7%          2    None
 Bolt of Magma            Conj/Fire/Erth ######....   7%          5    ####...
 Poisonous Vapours        Pois/Air       ##....       11%         2    None
 Spider Form              Tmut/Pois      ##........   17%         3    None
 Iskenderun's Battlesphe  Conj/Chrm      #####...     17%         5    ####...
 Gell's Gravitas          Tloc           ##........   22%         3    None
 Orb of Destruction       Conj           ######....   41%         7    #######
 Yara's Violent Unravell  Hex/Tmut       ####......   43%         5    ####...
 Ice Form                 Ice/Tmut       ##......     50%         4    #......
 Metabolic Englaciation   Hex/Ice        ####......   50%         5    ####...
 Blade Hands              Tmut           ###.......   78%         5    ####...
 Freezing Cloud           Conj/Ice/Air   ####......   91%         6    ######.
 Spellforged Servitor     Conj/Summ      #####.....   99%         7    #######
 Ring of Flames           Chrm/Fire      ##........   100%        7    #######


Dungeon Overview and Level Annotations

Branches:
Dungeon (10/15)            Temple (1/1) D:4            Lair (5/6) D:9
 Shoals (0/4) Lair:2       Spider (0/4) Lair:3        Slime (0/5) Lair:5
    Orc (0/2) D:10        Ossuary (visited)

Altars:
Ashenzari
Cheibriados
Dithmenos
Elyvilon
Fedhas
Gozag
Hepliaklqana
Kikubaaqudgha
Makhleb
Nemelex Xobeh
Okawaru
Qazlal
Ru
Sif Muna
Trog
Uskayaw
Vehumet
Wu Jian
Xom
Yredelemnul
Zin
The Shining One
Beogh

Shops:
D:6 [   D:7 :}   D:9 :([

Annotations:
D:10 2 runed translucent doors, Oddanomn's ghost, novice GrFi


Message History

i - 142 stones The komodo dragon closely misses you.
Casting: Sandblast (safe; 1% risk of failure)
Confirm with . or Enter, or press ? or * to list all spells.
Aiming: Sandblast (safe; 1% risk of failure)
Press: ? - help, Shift-Dir - straight line, f/p - komodo dragon
Aim: a komodo dragon (lightly wounded)
The blast of sand misses the komodo dragon.
i - 141 stones The komodo dragon bites you!
* * * LOW HITPOINT WARNING * * *
Casting: Sandblast (safe; 1% risk of failure)
Confirm with . or Enter, or press ? or * to list all spells.
Aiming: Iron Shot (slightly dangerous; 7% risk of failure)
Press: ? - help, Shift-Dir - straight line, f/p - komodo dragon
Aim: a komodo dragon (lightly wounded)
The iron shot hits the komodo dragon!!
The komodo dragon is severely wounded.
The komodo dragon bites you!
You die...

,,*,,******,,,,,,,,* ****
P.P.,#,,*#P.......#####**,,**
..♣.,.,,,.P^.#.....#..#.,,,,**
...P#.,,,..............,,,,,,*
.....#***P.>.........#*,,,,,**
.....##*,...........#,*,,,,*,*
......##....$P.....##*,,,,****
........./..(.......#*,,,**
,,,♣<.#**,,,,#.l@...#*,***
P..♣..#,,...>.##†...#,,,*
..*.♣#..,...,,*.###...#**
.♣.♣**#...,,,,.%**,,.## .♣##
*,.....,...,,,,,#*
♣♣.#***,......#.,,,,,,*
..#..**,,....###,,,,,**
.....,*,,....* *,,,,,*
.....,,,,,,,** **,,,,*


You could see a komodo dragon.

Vanquished Creatures
  A hydra (Lair:4)
  Erica (D:10)
  A catoblepas (Lair:4)
  Nergalle (Lair:2)
  An unseen horror (D:8)
  Pikel (D:4)
  An orange crystal statue (D:9)
  An ugly thing (D:8)
  2 oklob plants (Lair:2)
  5 elephants (Lair:4)
  4 merfolk sirens (Lair:2)
  Joseph (D:8)
  4 black mambas
  3 spiny frogs
  3 komodo dragons
  A rime drake (Lair:1)
  5 polar bears
  A troll (D:9)
  A hornet (D:9)
  4 slime creatures (D:9)
  5 blink frogs (Lair:3)
  4 dream sheep
  4 hippogriffs
  Sigmund (D:3)
  2 wyverns
  Eustachio (D:4)
  18 yaks
  A fire elemental (Lair:4)
  A hungry ghost (D:10)
  2 basilisks
  A steam dragon (D:10)
  The ghost of bronco the Ducker, an amateur KoGl (D:4)
  Menkaure (D:5)
  5 water moccasins
  11 porcupines
  Duvessa (D:7)
  9 orc warriors
  4 ice beasts
  2 phantoms (D:5)
  3 slaves (D:4)
  4 sky beasts
  3 black bears (Lair:2)
  A necrophage (D:6)
  2 ogres
  3 wolves (Lair:3)
  9 crocodiles
  3 centaurs
  2 big kobolds (D:9)
  12 bullfrogs
  A wyvern zombie (D:6)
  5 scorpions
  3 killer bees (D:9)
  20 wights
  Dowan (D:7)
  9 crimson imps
  2 centaur zombies (Ossuary)
  3 human zombies (Ossuary)
  10 orc priests
  4 jellies
  3 bullfrog zombies
  2 hounds
  7 orc wizards
  3 bullfrog skeletons
  2 centaur skeletons
  11 worker ants
  A killer bee zombie (D:5)
  3 big kobold zombies (Ossuary)
  2 mummies (Ossuary)
  20 adders
  8 gnolls
  2 shadow imps
  An ooze (D:1)
  2 adder skeletons (D:5)
  An adder zombie (Ossuary)
  5 worms
  A dart slug (D:1)
  6 leopard geckos
  41 orcs
  A ball python (D:2)
  9 giant cockroaches
  9 goblins
  6 hobgoblins
  7 jackals
  6 quokkas
  6 bats
  7 frilled lizards
  11 hobgoblin zombies (Ossuary)
  A jackal zombie (Ossuary)
  13 kobolds
  6 kobold zombies (Ossuary)
  A leopard gecko skeleton (D:4)
  8 orc zombies (Ossuary)
  A quokka skeleton (D:5)
  3 rats
  2 rat zombies (Ossuary)
  A plant (Lair:2)
435 creatures vanquished.

Vanquished Creatures (others)
  8 fungi
  10 toadstools (Lair:5)
18 creatures vanquished.

Grand Total: 453 creatures vanquished

Notes
Turn   | Place    | Note
-------+----------+-------------------------------------------
     0 | D:1      | relicbr the Deep Elf Earth Elementalist began the quest for
                  | the Orb.
     0 | D:1      | Reached XP level 1. HP: 10/10 MP: 6/6
   262 | D:1      | Reached XP level 2. HP: 15/15 MP: 2/8
   840 | D:1      | Reached XP level 3. HP: 10/19 MP: 9/9
  1345 | D:2      | Reached skill level 5 in Earth Magic
  1885 | D:3      | Reached XP level 4. HP: 22/24 MP: 7/10
  2166 | D:3      | Found a radiant altar of Vehumet.
  2169 | D:3      | Noticed Sigmund
  2181 | D:3      | Killed Sigmund
  2181 | D:3      | Reached XP level 5. HP: 28/28 MP: 6/11
  2181 | D:3      | Reached XP level 6. HP: 32/32 MP: 6/12
  2210 | D:3      | Learned a level 3 spell: Confuse
  2214 | D:3      | Learned a level 3 spell: Stone Arrow
  2826 | D:3      | Became a worshipper of Vehumet
  2845 | D:4      | Noticed Eustachio
  2856 | D:4      | Killed Eustachio
  2863 | D:4      | Found a runed translucent door.
  2961 | D:4      | Reached XP level 7. HP: 36/36 MP: 11/13
  3461 | D:4      | Noticed Pikel
  3474 | D:4      | Killed Pikel
  3474 | D:4      | Reached skill level 10 in Earth Magic
  3474 | D:4      | Reached XP level 8. HP: 38/41 MP: 7/14
  3971 | D:4      | Noticed bronco's ghost (amateur KoGl)
  3989 | D:4      | Found a staircase to the Ecumenical Temple.
  4001 | Temple   | Entered the Ecumenical Temple
  4503 | D:5      | Entered Level 5 of the Dungeon
  4618 | D:5      | Noticed Menkaure
  4620 | D:5      | Killed Menkaure
  4648 | D:5      | Reached * piety under Vehumet
  4648 | D:5      | Offered knowledge of Foxfire by Vehumet.
  4724 | D:5      | Reached skill level 1 in Conjurations
  4728 | D:5      | Reached skill level 1 in Fighting
  5102 | D:5      | Reached skill level 5 in Spellcasting
  5724 | D:6      | Reached XP level 9. HP: 48/48 MP: 18/21
  5833 | D:6      | Offered knowledge of Shock by Vehumet.
  6086 | D:6      | Reached ** piety under Vehumet
  6921 | D:6      | Found Suug's Armour Shop.
  6928 | D:6      | Bought a +0 pair of boots for 54 gold pieces
  7226 | D:7      | Found Ikhah's Gadget Emporium.
  7233 | D:7      | Learned a level 5 spell: Lee's Rapid Deconstruction
  7440 | D:7      | Noticed Dowan
  7443 | D:7      | Noticed Duvessa
  7469 | D:7      | Killed Dowan
  7474 | D:7      | Killed Duvessa
  7474 | D:7      | Reached skill level 10 in Spellcasting
  7601 | D:7      | Offered knowledge of Inner Flame by Vehumet.
  7672 | D:7      | Found Japougir's Book Emporium.
  7864 | D:7      | Got an ichor-stained hand axe
  7865 | D:7      | Identified the +5 hand axe "Huhypaxarr" {flame, *Rage +Inv
                  | rF+ Str+2 Dex+2} (You found it on level 7 of the Dungeon)
  8111 | D:8      | Noticed Joseph
  8247 | D:8      | Found a sand-covered staircase.
  8262 | Ossuary  | Entered an ossuary
  8279 | Ossuary  | Reached *** piety under Vehumet
  8448 | Ossuary  | Offered knowledge of Iskenderun's Mystic Blast by Vehumet.
  8834 | Ossuary  | Reached **** piety under Vehumet
  8872 | D:8      | Reached skill level 5 in Conjurations
  8958 | D:8      | Reached XP level 10. HP: 57/57 MP: 24/26
  8966 | D:8      | Offered knowledge of Fulminant Prism by Vehumet.
  9385 | D:8      | Reached skill level 5 in Fighting
  9940 | D:8      | Killed Joseph
 10389 | D:8      | Killed an unseen horror
 10620 | D:8      | Got a coiled steel ring
 10860 | D:8      | Identified the ring "Fozudgh" {rPois MP+9} (You found it on
                  | level 8 of the Dungeon)
 10873 | D:8      | Noticed a brown ugly thing
 10882 | D:8      | Killed a brown ugly thing
 10882 | D:8      | Reached ***** piety under Vehumet
 11103 | D:9      | Noticed an orange crystal statue
 11113 | D:9      | Offered knowledge of Starburst by Vehumet.
 11863 | D:9      | Found Temab's Weapon Emporium.
 11988 | D:9      | Found Iseuwutz's Book Emporium.
 12003 | D:9      | Learned a level 6 spell: Iron Shot
 12226 | D:9      | Reached XP level 11. HP: 66/68 MP: 21/27
 12832 | D:9      | Found a staircase to the Lair.
 13185 | D:9      | Found Haoxati's Armour Boutique.
 13611 | D:9      | Killed an orange crystal statue
 13657 | D:9      | Bought a +3 leather armour of cold resistance for 360 gold
                  | pieces
 13700 | D:10     | Entered Level 10 of the Dungeon
 13877 | D:10     | Noticed Erica
 13883 | D:10     | Killed Erica
 14497 | D:10     | Found a roughly hewn altar of Beogh.
 14501 | D:10     | Found a staircase to the Orcish Mines.
 14554 | D:10     | Found a runed translucent door.
 14559 | D:10     | Noticed a deep troll
 14559 | D:10     | Noticed a skeletal warrior
 14560 | D:10     | Found a runed translucent door.
 14561 | D:10     | Noticed a deep elf mage
 14561 | D:10     | Noticed a lich
 14562 | D:10     | Noticed Oddanomn's ghost (novice GrFi)
 14566 | D:10     | Noticed a necromancer
 15023 | D:4      | Killed bronco's ghost
 15183 | Lair:1   | Entered Level 1 of the Lair of Beasts
 15400 | Lair:1   | Offered knowledge of Irradiate by Vehumet.
 15501 | Lair:1   | Reached skill level 10 in Conjurations
 15797 | Lair:1   | Got a scorched helmet
 15803 | Lair:1   | Identified the +0 helmet of the Iron Devil {rC+ rN++} (You
                  | found it on level 1 of the Lair of Beasts)
 16185 | Lair:1   | Reached skill level 10 in Fighting
 16216 | Lair:1   | Reached skill level 1 in Armour
 16226 | Lair:1   | Reached XP level 12. HP: 77/77 MP: 15/28
 16693 | Lair:2   | Got a warped mace
 16694 | Lair:2   | Identified the +11 mace "Wuewahoc" {flame, rPois rN+ Str-4}
                  | (You found it on level 2 of the Lair of Beasts)
 17226 | Lair:2   | Found a staircase to the Shoals.
 17456 | Lair:2   | Noticed Nergalle
 17464 | Lair:2   | Killed Nergalle
 17666 | Lair:2   | Reached skill level 5 in Armour
 18177 | Lair:2   | Reached skill level 5 in Hexes
 18453 | Lair:3   | Found a hole to the Spider Nest.
 20028 | Lair:3   | Got a clouded lapis lazuli ring
 20029 | Lair:3   | Identified the ring "Fuvualei" {rElec rPois rF+++ rC+ MR-}
                  | (You found it on level 3 of the Lair of Beasts)
 20341 | Lair:4   | Noticed a catoblepas
 20353 | Lair:4   | Killed a catoblepas
 20413 | Lair:4   | Got a transparent scimitar
 20414 | Lair:4   | Identified the +8 scimitar of Starshine {slice, rPois rF-
                  | rC+ MR+} (You found it on level 4 of the Lair of Beasts)
 20593 | Lair:4   | Noticed a six-headed hydra
 20602 | Lair:4   | Killed a six-headed hydra
 20972 | Lair:4   | Found a blossoming altar of Fedhas.
 21225 | Lair:4   | Reached XP level 13. HP: 82/82 MP: 16/29
 22012 | Lair:5   | Mangled by a komodo dragon

Levels and vault maps discovered:
D:1:      tarquinn_simple_flora_water_a, layout_loops_ring
D:2:      layout_loops_cross, minivault_4
D:3:      layout_loops_ring, vehumet_crystals, first_ration, chequers_arboretum,
          uniq_sigmund
D:4:      layout_layer_cave, minmay_temple_entry_proselytizer,
          ebering_ghost_sewer_d, chequers_serial_rivers_micro_b, uniq_eustachio,
          uniq_pikel
D:5:      layout_loops_ring, chequers_serial_rivers_micro_b, uniq_menkaure
D:6:      layout_loops_ring, serial_shops, kennysheep_little_box
D:7:      layout_cave_pods, serial_shops, shop, nicolae_shop_statue_plus,
          minivault_22, uniq_duvessa
D:8:      minmay_the_grid_octo_triangle [minmay_the_grid_octo_odd_swirl,
          minmay_the_grid_octo_prize_single_spiral,
          minmay_the_grid_octo_clover], layout_layer_cave, enter_ossuary_1,
          uniq_joseph
D:9:      layout_stronghold, due_lair_maze_entry_diamond, serial_shops,
          kennysheep_mini, shop, shop, blue_anna_alchemist
          [blue_anna_fruit_fields, blue_anna_fruit_fields],
          minmay_misc_feat_room, minmay_statue_bubble
D:10:     lemuel_ice_spiral_2, layout_basic, david_orc_5,
          muffindrake_ghost_dual_entry, uniq_erica
Temple:   nicolae_temple_the_god_donut
Lair:1:   layout_cave_shapes, chequers_serial_rivers_room_a
Lair:2:   beast_lair_carwin_large_2, layout_long_grid,
          elwin_shoals_entry_stream, minmay_lair_oklob_chamber,
          infiniplex_staircase_pool, uniq_nergalle
Lair:3:   layout_cave_pods, nicolae_spider_entry_non_spiders,
          serial_bayou_shore_b, infiniplex_staircase_pool_2
Lair:4:   layout_gridlike, basic_altar, minivault_24
Lair:5:   gammafunk_lair_enchanted_lake, layout_misc_corridors,
          minmay_slime_entry_jelly_boxes, portal_ice_cave_rime,
          grunt_forest_large_clearing_hut

Skill      XL: |  1  2  3  4  5  6  7  8  9 10 11 12 13 |
---------------+----------------------------------------+-----
Earth Magic    | 4 5 7 8 10 11 12 | 12.8
Spellcasting   | 6 10 | 10.2
Conjurations   | 2 5 6 10 11 12 | 12.0
Fighting       | 1 4 8 10 | 10.0
Armour         | 1 5 |  5.1
Hexes          | 6 |  6.1
Dodging        | |  2.4
Stealth        | |  2.4
Transmutations | |  1.1
Evocations     | |  0.3

Action                   |  1- 3 |  4- 6 |  7- 9 | 10-12 | 13-15 || total
-------------------------+-------+-------+-------+-------+-------++-------
Melee: Short sword       |   102 |    43 |    80 |   264 |     4 ||   493
       Whip              |       |       |    12 |       |       ||    12
       Rapier            |       |       |   220 |    58 |       ||   278
       Scimitar          |       |       |       |    10 |       ||    10
Throw: Boomerang         |    19 |       |     4 |     3 |       ||    26
       Throwing net      |       |       |     5 |       |       ||     5
       Dart              |       |       |     4 |       |       ||     4
 Cast: Sandblast         |    20 |    33 |   185 |   104 |    13 ||   355
       Confuse           |       |       |     2 |     4 |     1 ||     7
       Stone Arrow       |       |       |       |   259 |    13 ||   272
       Lee's Rapid Decon |       |       |       |    29 |     3 ||    32
       Iron Shot         |       |       |       |     8 |    11 ||    19
Evoke: Wand              |       |       |       |     2 |       ||     2
  Use: Scroll            |     6 |     4 |    12 |     2 |     1 ||    25
       Potion            |       |     1 |     1 |     1 |       ||     3
 Stab: Sleeping          |     1 |     2 |     3 |     5 |     1 ||    12
  Eat: Chunk             |     3 |     3 |    11 |    39 |     6 ||    62
       Ration            |       |       |     2 |     3 |       ||     5
Armor: Robe              |     8 |     8 |       |       |       ||    16
       Leather armour    |    15 |     4 |   140 |   112 |     4 ||   275
Dodge: Dodged            |    71 |    31 |   238 |   234 |    11 ||   585
       Deflected         |       |       |       |     1 |       ||     1
       Rpst.: Scimitar   |       |       |       |     3 |       ||     3

Table legend:
 A = Non-vault XP
 B = Vault XP
 C = Vault XP percentage of total XP
 D = Non-vault monster count
 E = Vault monster count
 F = Vault count percentage of total count
                 A         B        C        D         E       F
            +---------+---------+-------+---------+---------+-------
      Total |   28649 |   13966 |  32.8 |     309 |     122 |  28.3
            +---------+---------+-------+---------+---------+-------
        D:1 |      47 |       0 |   0.0 |      25 |       0 |   0.0
        D:2 |      42 |       0 |   0.0 |      10 |       0 |   0.0
        D:3 |     147 |     212 |  59.1 |      26 |       1 |   3.7
        D:4 |     372 |    1151 |  75.6 |      18 |       7 |  28.0
        D:5 |     574 |     157 |  21.5 |      20 |       1 |   4.8
        D:6 |    1376 |       0 |   0.0 |      32 |       0 |   0.0
        D:7 |     835 |     203 |  19.6 |      17 |       2 |  10.5
        D:8 |     830 |    2813 |  77.2 |      22 |      15 |  40.5
        D:9 |    3591 |    1738 |  32.6 |      45 |      12 |  21.1
       D:10 |    1223 |    2049 |  62.6 |      16 |      24 |  60.0
     Lair:1 |    4271 |       0 |   0.0 |      20 |       0 |   0.0
     Lair:2 |    1565 |    5116 |  76.6 |       8 |      13 |  61.9
     Lair:3 |    4619 |     158 |   3.3 |      21 |       8 |  27.6
     Lair:4 |    8914 |       0 |   0.0 |      28 |       0 |   0.0
     Lair:5 |     243 |       0 |   0.0 |       1 |       0 |   0.0
    Ossuary |       0 |     369 | 100.0 |       0 |      39 | 100.0
            +---------+---------+-------+---------+---------+-------
